Unix NetHack Version 5.0.0-0 post-release - last build May  4 2026 22:22:43 (774f63e81ad911689b3a0859ea89b322d5daca8d,branch:main).

Game began 2026-05-05 23:03:57, ended 2026-05-06 00:29:51.

IceCreamJones, chaotic female human Wizard

                                                       #
                                                       #
                                                       #
                                                      ##
                                                     -.---
                                                     |%..|    ---------
                                                     |f..|    |.......|
                                                     |_...####-..{....|
                                                     |@..|    |.......|
                                                     |..{|    |....)..|
                                                     |[..|    ---------
                                                     -----

IceCreamJones the Conjurer  St:13 Dx:15 Co:13 In:18 Wi:10 Ch:9  Chaotic
Dlvl:5  $:40 HP:40(40) Pw:60(60) AC:0  Xp:5 T:3457  Fainting

Latest messages:
 You stop.  Your kitten is in the way!
 You swap places with your kitten.
 The gnome zombie hits!
 You already found a monster.  Use 'm' prefix to force another search.
 The kitten bites the gnome zombie.
 The gnome zombie misses the kitten.
 You already found a monster.  Use 'm' prefix to force another search.
 The kitten bites the gnome zombie.
 The gnome zombie is destroyed!
 You see here a gnome corpse.
 You see here a scale mail.
 You faint from lack of food.
 You regain consciousness.
 You can hear again.
 You faint from lack of food.
 You regain consciousness.
 What do you want to eat? [D or ?*] *
 You consume the last bite of your meal.
 You only feel hungry now.
 You hear the splashing of a naiad.
 You swap places with your kitten.
 Wizard needs food, badly!
 You see here a scale mail.
 You swap places with your kitten.
 You see here a gnome corpse.
 You swap places with your kitten.
 You faint from lack of food.
 You regain consciousness.
 You see here a gnome corpse.
 You see here a scale mail.
 You faint from lack of food.
 You regain consciousness.
 You faint from lack of food.
 You regain consciousness.
 You can hear again.
 You faint from lack of food.
 You regain consciousness.
 You faint from lack of food.
 You regain consciousness.
 Are you sure you want to pray? [yn] (n) y
 You begin praying to Anhur.
 You finish your prayer.
 The voice of Anhur booms out: "Thou hast angered me."
 You are being punished for your misbehavior!
 Really quit without saving? [yn] (n) y
 Do you want your possessions identified? [ynq] (y) y
 Do you want to see your attributes? [ynq] (y) n
 Do you want an account of creatures vanquished? [ynaq] (y) n
 Do you want to see your conduct and achievements? [ynq] (y) n
 Do you want to see the dungeon overview? [ynq] (y) n

Inventory:
 Coins    ('$')
  $ - 40 gold pieces
 Weapons  (')')
  o - 11 +0 arrows
  B - 10 cursed +0 elven arrows
  C - 6 +0 darts
  u - a cursed -1 dagger named cursed
  t - 2 +0 orcish daggers
  a - a blessed +2 quarterstaff (weapon in hands)
 Armor    ('[')
  f - an uncursed +0 orcish helm (being worn)
  r - a blessed +0 pair of iron shoes (being worn)
  b - an uncursed +0 cloak of magic resistance (being worn)
  A - a blessed +1 chain mail (being worn)
  q - an uncursed +0 leather jacket
 Scrolls  ('?')
  z - 2 blessed scrolls of blank paper
  F - 2 uncursed scrolls of blank paper
  w - a cursed scroll of enchant armor named cursed
  i - 4 uncursed scrolls of identify
  j - an uncursed scroll of remove curse
 Potions  ('!')
  E - 3 uncursed potions of healing
  h - an uncursed potion of speed
 Rings    ('=')
  e - an uncursed ring of cold resistance (on right hand)
  x - a cursed ring of hunger named cursed
  d - an uncursed ring of regeneration
 Wands    ('/')
  c - a blessed wand of slow monster (0:5)
  n - a wand of stasis (0:1)
 Tools    ('(')
  m - a magic marker (0:20)
 Gems/Stones  ('*')
  p - 2 cursed worthless pieces of orange glass
  v - an uncursed flint stone

IceCreamJones the Wizard's attributes:

Background:
 You were a Conjurer, a level 5 female human Wizard.
 You were chaotic, on a mission for Anhur
 who was opposed by Ptah (lawful) and Thoth (neutral).
 You were right-handed.
 You were in the Dungeons of Doom, on level 5.
 You entered the dungeon 3457 turns ago.
 It was the midnight hour.
 You had 160 experience points, 160 more were needed to attain level 6.

Basics:
 You had all 40 hit points.
 You had all 60 energy points (spell power).
 Your armor class was 0.
 Your wallet contained 40 zorkmids.
 Autopickup was off.

Final Characteristics:
 Your strength was 13 (base:14, limit:18/100).
 Your dexterity was 15 (limit:18).
 Your constitution was 13 (limit:18).
 Your intelligence was 18 (limit:18).
 Your wisdom was 10 (peak:11, limit:18).
 Your charisma was 9 (limit:18).

Final Status:
 You were chained to a heavy iron ball.
 You were fainting due to starvation.
 You were unencumbered.
 You were wielding a quarterstaff.
 You had basic skill with quarterstaff.

Final Attributes:
 You were piously aligned.
 You were magic-protected.
 You were cold resistant.
 Your items were protected from cold.
 You were warded.
 Your spell casting was impaired by metallic armor.
 You were unlucky.
 Anhur was angry with you.
 You survived.

Miscellaneous:
 You didn't encounter any bones levels.
 Total elapsed playing time was 22 minutes and 36 seconds.

Major events:
 Turn
    1: IceCreamJones the chaotic female human Wizard entered the dungeon
  901: entered the Gnomish Mines
 1296: attained the rank of Conjurer (level 3)
 1593: read a Discworld novel
 3457: quit

Spells:
 Name                 Level Category     Fail Retention
 force bolt             1   attack        67%   81%-90%
 cure blindness         2   healing       99%  76%-100%

Skills:
 Fighting Skills
   bare handed combat [Unskilled]
   riding             [Unskilled]
 Weapon Skills
   dagger             [Unskilled]
   knife              [Unskilled]
   axe                [Unskilled]
   short sword        [Unskilled]
   club               [Unskilled]
   mace               [Unskilled]
   quarterstaff       [Basic]
   polearms           [Unskilled]
   spear              [Unskilled]
   trident            [Unskilled]
   sling              [Unskilled]
   dart               [Unskilled]
   shuriken           [Unskilled]
 Spellcasting Skills
   attack spells      [Basic]
   healing spells     [Unskilled]
   divination spells  [Unskilled]
   enchantment spells [Basic]
   clerical spells    [Unskilled]
   escape spells      [Unskilled]
   matter spells      [Unskilled]

Voluntary challenges:
 Character rerolling was not enabled.
 You never genocided any monsters.
 You never polymorphed an object.
 You never changed form.
 You used no wishes.
Achievements:
 You entered the Gnomish Mines.
 You attained the rank of Conjurer.
 You entered a shop.
 You read from a Discworld novel.

 The Dungeons of Doom: levels 1 to 5
    Level 1:
    Level 2:
       A sink.
       Stairs down to The Gnomish Mines.
    Level 3:
       A scroll shop.
    Level 4:
    Level 5: <- You were here.
       Some fountains.
 The Gnomish Mines:
    Level 3:


Vanquished creatures:
  a small mimic
  2 rock piercers
  a pony
  a yellow light
  a straw golem
  a paper golem
  3 floating eyes
  a kobold shaman
 an orc zombie
 an acid blob
  a gas spore
  a hobbit
  a manes
  a hobgoblin
  a brown mold
  2 yellow molds
  2 green molds
  a red mold
  a gnome zombie
  2 geckos
  5 jackals
  3 goblins
  3 grid bugs
  2 lichens
  2 kobold zombies
  6 newts
47 creatures vanquished.

No species were genocided or became extinct.

Goodbye IceCreamJones the Wizard...

You quit in The Dungeons of Doom on dungeon level 5 with 1236 points,
and 40 pieces of gold, after 3457 moves.
You were level 5 with a maximum of 40 hit points when you quit.

